 Dungeon Crawl Stone Soup version 0.25-a0-578-gc91f01c39c (webtiles) character file.

Game seed: 7694558080953267127, levelgen mode: deterministic

2183 Flugslaktarn the Cleaver (level 9, -7/81 HPs)
             Began as a Deep Dwarf Fighter on Mar 3, 2020.
             Was a Believer of Makhleb.
             Mangled by Erica
             ... wielding a +3 scimitar of flaming
              (10 damage)
             ... on level 8 of the Dungeon.
             The game lasted 00:02:57 (3715 turns).

Flugslaktarn the Cleaver (Deep Dwarf Fighter)       Turns: 3715, Time: 00:02:58

Health: -7/81      AC: 12    Str: 23    XL:     9   Next: 11%
Magic:  9/9        EV:  5    Int:  9    God:    Makhleb [**....]
Gold:   184        SH: 11    Dex: 12    Spells: 8/8 levels left

rFire    . . .     SeeInvis .   a - +1 war axe
rCold    . . .     Gourm    .   c - +1 kite shield
rNeg     . . .     Faith    .   n - +0 plate armour
rPois    .         Spirit   .   (no helmet)
rElec    .         Reflect  .   (no cloak)
rCorr    .         Harm     .   (no gloves)
MR       +....                  (no boots)
Stlth    ..........             k - amulet of inaccuracy (curse)
HPRegen  0.00/turn              (no ring)
MPRegen  0.11/turn              (no ring)

@: mighty, non-regenerating, slowed, very slow
A: damage resistance, heal wounds, sense surroundings 2, no regeneration
a: Heal Wounds, Minor Destruction, Renounce Religion


You were on level 8 of the Dungeon.
You worshipped Makhleb.
Makhleb was pleased with you.
You were hungry.

You visited 1 branch of the dungeon, and saw 8 of its levels.
You also visited: Sewer.

You collected 184 gold pieces.

Inventory:

Hand Weapons
 a - a +1 war axe (weapon)
Armour
 c - a +1 kite shield (worn)
 n - a +0 plate armour (worn)
   (You found it on level 4 of the Dungeon)
Jewellery
 h - an uncursed amulet of rage {unknown}
   (You found it on level 6 of the Dungeon)
 k - a cursed amulet of inaccuracy (around neck)
   (You found it on level 2 of the Dungeon)
 l - an uncursed amulet of faith {unknown}
   (You found it on level 7 of the Dungeon)
Wands
 b - a wand of scattershot (6)
   (You found it on level 6 of the Dungeon)
Scrolls
 i - 3 scrolls of enchant weapon
 r - a scroll of identify
 t - a scroll of teleportation
Potions
 d - 2 potions of might
 f - 4 potions of flight
 q - 3 potions of curing
Comestibles
 e - 8 rations


   Skills:
 + Level 5.3 Fighting
 * Level 8.2 Axes
 + Level 6.4 Armour
 + Level 6.3 Shields
 + Level 5.2 Invocations


You had 8 spell levels left.
You didn't know any spells.
Your spell library was empty.

Dungeon Overview and Level Annotations

Branches:
Dungeon (8/15)             Temple (0/1) D:7           Sewer (visited)
   Lair: D:8-11

Altars:
Ashenzari
Dithmenos
Fedhas
Makhleb
Nemelex Xobeh
Qazlal
Ru
Uskayaw
Wu Jian
Zin

Shops:
D:5 }   D:6 [

Annotations:
D:8 Erica


Innate Abilities, Weirdness & Mutations

You are resistant to damage.
You can heal yourself by infusing magical energy.
You passively map the area around you.
You do not regenerate.


Message History

The orc warrior hits you from afar with a +0 halberd!
* * * LOW HITPOINT WARNING * * *
You miss something.
You hear some strange, mumbled words.
A lance of force appears from out of thin air!
The lance of force hits you!
* * * LOW HITPOINT WARNING * * *
You are knocked back by the lance of force.
You hear some strange, mumbled words.
A bolt of poison appears from out of thin air!
The bolt of poison misses you.
You hear some strange, mumbled words.
You completely miss something. Something hits you. Something burns you.
You block the orc warrior's attack. Something hits you. Something burns you.
You block the orc warrior's attack.
You barely miss something. Something hits you. Something burns you.
You block the orc warrior's attack.
You are feeling hungry.
You barely miss something. Something hits you!
You die...

#...........
#...........*
###.........(.*
#..........###
#.########.#
#{# .# #o# ,#
#.# #@# #.# , ,
#.# * #.# #.#
#.# #.#
#######.#
#<......#


You could see an orc warrior.

Vanquished Creatures
  An orc warrior (D:7)
  An ice beast (D:5)
  A black bear (D:6)
  An ogre (D:7)
  3 centaurs
  A big kobold (Sewer)
  A scorpion (D:4)
  4 killer bees (D:7)
  3 wights (D:6)
  3 howler monkeys (D:7)
  4 crimson imps
  A centaur zombie (D:6)
  A hound (D:5)
  2 bullfrog zombies (D:7)
  2 bullfrog skeletons
  2 orc priests (D:7)
  2 centaur skeletons (D:7)
  3 jellies
  5 orc wizards
  3 iguanas (D:6)
  6 worker ants
  A killer bee zombie (D:6)
  A hound zombie (D:6)
  A worker ant zombie (D:5)
  4 adders
  2 shadow imps
  An adder skeleton (D:6)
  2 worms (D:2)
  3 leopard geckos
  9 orcs
  A ball python (D:2)
  6 bats
  2 giant cockroaches
  3 goblins
  3 hobgoblins
  5 jackals
  A quokka (D:7)
  4 frilled lizards
  4 kobolds
  2 leopard gecko skeletons (D:4)
  A leopard gecko zombie (D:6)
  A quokka skeleton (D:5)
  A quokka zombie (D:7)
  6 rats
114 creatures vanquished.

Vanquished Creatures (others)
  An orc wizard (D:8)
1 creature vanquished.

Grand Total: 115 creatures vanquished

Notes
Turn   | Place    | Note
-------+----------+-------------------------------------------
     0 | D:1      | Flugslaktarn the Deep Dwarf Fighter began the quest for the
                  | Orb.
     0 | D:1      | Reached XP level 1. HP: 20/20 MP: 1/1
   120 | D:1      | Reached XP level 2. HP: 24/27 MP: 2/2
   147 | D:2      | Reached skill level 3 in Axes
   147 | D:2      | Reached XP level 3. HP: 12/34 MP: 3/3
   289 | D:2      | Found a sacrificial altar of Ru.
   367 | D:4      | Reached XP level 4. HP: 42/42 MP: 4/4
   457 | D:4      | Reached skill level 4 in Axes
   457 | D:4      | Reached XP level 5. HP: 44/49 MP: 5/5
   468 | D:4      | Found a glowing drain.
   479 | Sewer    | Entered a sewer
   609 | Sewer    | Found a white marble altar of Elyvilon.
   678 | D:4      | Found a burning altar of Makhleb.
   686 | D:4      | Became a worshipper of Makhleb the Destroyer
   724 | D:4      | Reached XP level 6. HP: 47/56 MP: 6/6
  1149 | D:5      | Entered Level 5 of the Dungeon
  1230 | D:5      | Reached skill level 5 in Axes
  1230 | D:5      | Reached skill level 1 in Invocations
  1357 | D:5      | Noticed an ice beast
  1376 | D:5      | Killed an ice beast
  1443 | D:5      | Reached XP level 7. HP: 60/64 MP: 8/8
  1463 | D:5      | Found Poetitos's Gadget Shoppe.
  1592 | D:5      | Reached * piety under Makhleb
  2017 | D:6      | Reached skill level 5 in Armour
  2021 | D:6      | Reached skill level 5 in Shields
  2045 | D:6      | Found Sefaidau's Antique Armour Boutique.
  2067 | D:6      | Found a shadowy altar of Dithmenos.
  2085 | D:6      | Found a stormy altar of Qazlal.
  2086 | D:6      | Found a shattered altar of Ashenzari.
  2087 | D:6      | Found a sparkling altar of Nemelex Xobeh.
  2087 | D:6      | Found an ornate altar of the Wu Jian Council.
  2087 | D:6      | Found a burning altar of Makhleb.
  2087 | D:6      | Found a hide-covered altar of Uskayaw.
  2093 | D:6      | Reached skill level 6 in Axes
  2097 | D:6      | Found a blossoming altar of Fedhas.
  2098 | D:6      | Found a glowing silver altar of Zin.
  2150 | D:6      | Reached XP level 8. HP: 67/73 MP: 10/10
  2570 | D:7      | Reached skill level 7 in Axes
  2614 | D:7      | Reached ** piety under Makhleb
  2940 | D:7      | Reached skill level 5 in Fighting
  3067 | D:7      | Reached skill level 5 in Invocations
  3090 | D:7      | Reached skill level 8 in Axes
  3090 | D:7      | Gained mutation: You passively map the area around you.
                  | [Deep Dwarf growth]
  3090 | D:7      | Reached XP level 9. HP: 73/81 MP: 10/10
  3216 | D:7      | Found a staircase to the Ecumenical Temple.
  3673 | D:8      | Noticed Erica
  3710 | D:8      | HP: 3/81 [something/lance of force (5)]
  3715 | D:8      | Mangled by Erica

Levels and vault maps discovered:
D:1:      ncdulo_smallfort, layout_loops_ring, minmay_strange_pillars
D:2:      layout_rooms, nicolae_overflow_crystal_walls, first_ration,
          minmay_misc_feat_nine_boxes, minmay_tetromino_i4
D:3:      layout_basic
D:4:      layout_gridville, portal_sewer_entry_d, bloody_makhleb
D:5:      layout_loops_ring, serial_shops, shop_statue,
          hangedman_decor_diamond_cutter, grunt_decor_arrowhead
D:6:      layout_cave_pools, minitemple, serial_shops, shop,
          kennysheep_generic_room_16
D:7:      layout_basic, temple_doors_e, kennysheep_small_circle
D:8:      layout_basic, ashenzari_altar_1, uniq_erica

Skill      XL: |  1  2  3  4  5  6  7  8 |
---------------+-------------------------+-----
Fighting       | 3 4 5 |  5.3
Axes           | 3 4 5 6 8 |  8.2
Shields        | 4 5 6 |  6.3
Armour         | 4 5 6 |  6.4
Invocations    | 2 3 5 |  5.2

Action                   |  1- 3 |  4- 6 |  7- 9 || total
-------------------------+-------+-------+-------++-------
Melee: War axe           |    75 |   259 |   481 ||   815
 Abil: Heal Wounds       |     2 |     5 |    14 ||    21
  Use: Scroll            |       |     4 |     5 ||     9
       Potion            |       |       |     3 ||     3
  Eat: Chunk             |       |     2 |     9 ||    11
Armor: Scale mail        |    45 |    76 |       ||   121
       Plate armour      |       |    86 |   296 ||   382
Dodge: Dodged            |    25 |    56 |   104 ||   185
Block: Kite shield       |    39 |   160 |   346 ||   545

Table legend:
 A = Non-vault XP
 B = Vault XP
 C = Vault XP percentage of total XP
 D = Non-vault monster count
 E = Vault monster count
 F = Vault count percentage of total count
                 A         B        C        D         E       F
            +---------+---------+-------+---------+---------+-------
      Total |    2718 |     401 |  12.9 |      97 |      18 |  15.7
            +---------+---------+-------+---------+---------+-------
        D:1 |      12 |       0 |   0.0 |       8 |       0 |   0.0
        D:2 |      31 |      35 |  53.0 |      13 |       3 |  18.8
        D:3 |       2 |       0 |   0.0 |       1 |       0 |   0.0
        D:4 |     288 |      14 |   4.6 |      16 |       1 |   5.9
        D:5 |     334 |       0 |   0.0 |      14 |       0 |   0.0
        D:6 |     710 |      79 |  10.0 |      16 |       3 |  15.8
        D:7 |    1271 |     172 |  11.9 |      27 |       3 |  10.0
        D:8 |      70 |       0 |   0.0 |       2 |       0 |   0.0
      Sewer |       0 |     101 | 100.0 |       0 |       8 | 100.0
            +---------+---------+-------+---------+---------+-------
